 Dungeon Crawl Stone Soup version 1.0-2-g2a92c50 (webtiles) character file.

324 Banquo the Firebug (level 6, 0/36 HPs)
             Began as a Faerie Dragon Fire Elementalist on June 2, 2018.
             Killed by divine providence
             ... invoked by an orc priest
              (15 damage)
             ... on level 3 of the Dungeon.
             The game lasted 00:21:00 (1906 turns).

Banquo the Firebug (FDFE)                           Turns: 1906, Time: 00:21:00

Health: 0/36       AC:  7    Str:  6    XL:     6   Next: 48%
Magic:  14/14      EV: 16    Int: 20    God:
Gold:   121        SH:  6    Dex: 13    Spells: 5/13 levels left

rFire    . . .     SeeInvis .   c - +0 dagger
rCold    . . .     Gourm    .   (shield restricted)
rNeg     . . .     Faith    .   (armour unavailable)
rPois    .         Spirit   .   (helmet restricted)
rElec    .         Reflect  .   (no cloak)
rCorr    .         Harm     .   s - +0 pair of gloves
MR       .....                  (no boots)
Stlth    +.........             p - amulet of regeneration
HPRegen  0.52/turn              (no ring)
MPRegen  0.14/turn              (no ring)

@: flying evasively
A: small, magic attunement, unstealthy, unfitting armour, magical scales, able
to fly
a: Stop Flying


You were on level 3 of the Dungeon.
You were not hungry.

You visited 1 branch of the dungeon, and saw 3 of its levels.

You collected 121 gold pieces.

Inventory:

Hand Weapons
 c - a +0 dagger (weapon)
 m - a +2 short sword of holy wrath
 r - a +4 mace of crushing
Missiles
 j - 18 arrows
 n - 81 stones (quivered)
Armour
 s - a +0 pair of gloves (worn)
Jewellery
 e - an uncursed amulet of guardian spirit
 p - an amulet of regeneration (around neck)
Scrolls
 d - a scroll of blinking {unknown}
 f - 5 scrolls of remove curse {unknown}
 g - 3 scrolls of identify {unknown}
 o - 2 scrolls of amnesia {unknown}
 q - a scroll of enchant weapon {unknown}
Potions
 h - a potion of ambrosia {unknown}
 i - a potion of lignification {unknown}
 k - 3 potions of mutation {unknown}
 l - 2 potions of might {unknown}
Comestibles
 a - 2 chunks of flesh
 b - 4 rations


   Skills:
 - Level 2.1 Dodging
 - Level 1.2 Stealth
 + Level 4.4 Spellcasting
 * Level 5.0 Conjurations
 + Level 5.4 Fire Magic


You had 5 spell levels left.
You knew the following spells:

 Your Spells              Type           Power        Failure   Level  Hunger
a - Flame Tongue          Conj/Fire      ####.        1%          1    None
f - Conjure Flame         Conj/Fire      ####....     4%          3    None
s - Sticky Flame          Conj/Fire      ####....     14%         4    None

Your spell library contained the following spells:

 Spells                   Type           Power        Failure   Level  Hunger
 Fireball                 Conj/Fire      ####......   36%         5    None
 Throw Flame              Conj/Fire      ####..       2%          2    None
 Inner Flame              Hex/Fire       ###.....     12%         3    None


Dungeon Overview and Level Annotations

Branches:
Dungeon (3/15)

Altars:
Nemelex Xobeh


Innate Abilities, Weirdness & Mutations

Your spells do not cause hunger and MP costs are reduced by 1.
Your bright wings attract enemies. (Stealth-)
You cannot fit into any form of body armour.
You are small and have problems with some larger weapons.
Your scales shimmer with magical energies. (AC +6, SH +6)
You can fly continuously.


Message History

You kill the bat!
Your Conjurations skill increases to level 5!
The bat completely misses you. The ooze barely misses you.
Casting: Flame Tongue (safe; 1% risk of failure)
Confirm with . or Enter, or press ? or * to list all spells.
Aiming: Flame Tongue (safe; 1% risk of failure)
Press: ? - help, Shift-Dir - straight line, f - bat
Aim: a bat The flame tongue hits the bat.
You kill the bat!
The orc priest invokes the aid of Beogh against you.
Beogh smites you! You block the ooze's attack.
A gnoll comes into view. It is wielding a flail.
A frilled lizard comes into view.
You hear a shout!
The frilled lizard hisses angrily.
The gnoll shouts!
The ooze barely misses you.
The orc priest mumbles some strange prayers to Beogh against you.
Beogh smites you!
You die...

#### #.. #.#
#@#
......r†J....#
..#..Jgo.......
l...#.#.#o#.#.#
... ..oo... ..
## ...⌠..... ..
... ... ..g .
#..?.⌠.....⌠.


You could see 2 orc priests, a gnoll, 2 oozes, 2 orcs, a goblin, a frilled
lizard and a rat.

Vanquished Creatures
  Sigmund (D:2)
  Terence (D:2)
  5 gnolls
  2 adders (D:2)
  A worm (D:2)
  2 dart slugs (D:1)
  4 leopard geckos
  4 giant cockroaches
  8 goblins
  8 hobgoblins
  12 jackals
  7 kobolds
  9 bats
  6 frilled lizards
  6 rats
76 creatures vanquished.

Notes
Turn   | Place    | Note
-------+----------+-------------------------------------------
     0 | D:1      | Banquo the Faerie Dragon Fire Elementalist began the quest for the Orb.
     0 | D:1      | Reached XP level 1. HP: 11/11 MP: 5/5
    67 | D:1      | Reached XP level 2. HP: 17/17 MP: 5/7
   199 | D:1      | Reached XP level 3. HP: 21/21 MP: 9/9
   207 | D:1      | Learned a level 3 spell: Conjure Flame
   903 | D:1      | Reached XP level 4. HP: 27/27 MP: 10/10
  1034 | D:1      | Learned a level 4 spell: Sticky Flame
  1092 | D:2      | Noticed Sigmund
  1358 | D:2      | Reached XP level 5. HP: 31/31 MP: 10/12
  1398 | D:2      | Reached skill level 5 in Fire Magic
  1503 | D:2      | Noticed Terence
  1508 | D:2      | Killed Terence
  1617 | D:2      | Found a sparkling altar of Nemelex Xobeh.
  1637 | D:2      | Killed Sigmund
  1637 | D:2      | Reached XP level 6. HP: 25/36 MP: 9/14
  1904 | D:3      | Reached skill level 5 in Conjurations
  1906 | D:3      | Killed from afar by an orc priest

Skill      XL: |  1  2  3  4  5  6 |
---------------+-------------------+-----
Fire Magic     | 4 5 |  5.4
Conjurations   | 2 3 4 5 |  5.0
Spellcasting   | 3 4 |  4.4
Dodging        | |  2.1
Stealth        | |  1.2

Action                   |  1- 3 |  4- 6 || total
-------------------------+-------+-------++-------
 Cast: Flame Tongue      |    70 |    82 ||   152
       Conjure Flame     |     2 |     3 ||     5
       Sticky Flame      |       |     2 ||     2
  Eat: Chunk             |       |     3 ||     3
Armor: Skin              |     2 |     7 ||     9
Dodge: Dodged            |    26 |    16 ||    42
Block: Other             |    10 |    13 ||    23
